 Dungeon Crawl Stone Soup version 0.31.0-9-g3a7656b989 (webtiles) character file.

Game seed: 432679042389340854

39 BritishOli the Trooper (level 3, 26/30 HPs)
             Began as a Demonspawn Fighter on Jan 27, 2024.
             Got out of the dungeon alive.
             The game lasted 00:00:48 (676 turns).

BritishOli the Trooper (Demonspawn Fighter)          Turns: 676, Time: 00:00:48

Health: 26/30      AC:  6    Str: 18    XL:     3   Next: 26%
Magic:  3/3        EV:  9    Int:  8    God:
Gold:   81         SH:  4    Dex: 12    Spells: 2/2 levels left

rFire   . . .        a - +0 long sword
rCold   . . .        c - +0 buckler
rNeg    . . .        b - +0 scale mail
rPois   .            (no helmet)
rElec   .            (no cloak)
rCorr   .            (no gloves)
SInv    .            (no boots)
Will    .....        (no amulet) Stlth
                     (no ring)
HPRegen 0.25/turn    (no ring)
MPRegen 0.16/turn

%: no passive effects
@: no status effects
A: magic regeneration, demonic touch 1
a: no special abilities


You escaped.
You visited 1 branch of the dungeon, and saw 2 of its levels.

You collected 81 gold pieces.

Inventory:

Hand Weapons
 a - a +0 long sword (weapon)
Armour
 b - a +0 scale mail (worn)
 c - a +0 buckler (worn)
Scrolls
 e - 3 scrolls of teleportation {unknown}
 f - a scroll of identify {unknown}
Potions
 d - a potion of might
 g - 2 potions of curing {unknown}
 h - 2 potions of degeneration {unknown}
 i - a potion of magic {unknown}


   Skills:
 + Level 3.7 Fighting
 + Level 1.9 Long Blades
 + Level 3.0 Armour
 + Level 2.9 Shields


You had 2 spell levels left.
You didn't know any spells.
Your spell library contained the following spells:

 Spells                   Type           Power      Damage    Failure   Level
 Ensorcelled Hibernation  Hex/Ice        0%         N/A       95%         2
 Fugue of the Fallen      Necr           0%         N/A       99%         3
 Ozocubu's Armour         Ice            0%         N/A       99%         3
 Anguish                  Hex/Necr       0%         N/A       100%        4
 Metabolic Englaciation   Hex/Ice        0%         N/A       100%        5
 Sculpt Simulacrum        Ice/Alch       0%         N/A       100%        6


Dungeon Overview and Level Annotations

Branches:
Dungeon (2/15)

Altars:


Innate Abilities, Weirdness & Mutations

You regenerate magic rapidly.
Your touch may inflict minor irresistible damage on your foes.


Message History

There is a stone staircase leading down here.
You climb downwards.
The bat hits you but does no damage. The gnoll closely misses you.
The gnoll hits you with a +0 spear.
There is a stone staircase leading up here.
There are monsters nearby!
You slash the gnoll!
The gnoll is almost dead.
The bat hits you but does no damage.
The gnoll hits you from afar with a +0 spear.
The gnoll completely misses you.
There are monsters nearby!
You hit the gnoll.
You kill the gnoll!
The bat hits you but does no damage. You block the gnoll's attack.
The bat closely misses you. The giant cockroach barely misses you.
The gnoll closely misses you.
You have reached level 3!
Your experience leads to an increase in your attributes!
Increase (S)trength, (I)ntelligence, or (D)exterity?
You feel stronger. x2; Your demonic ancestry asserts itself...
Your magic begins to regenerate rapidly.
The bat hits you but does no damage. x2; The giant cockroach bites you.
The gnoll hits you from afar with a +0 spear.
You climb upwards.
There is a stone staircase leading down here.
You barely miss the giant cockroach.
The giant cockroach bites you but does no damage. x2
You barely miss the giant cockroach. You block the giant cockroach's attack.
The giant cockroach barely misses you.
You barely miss the giant cockroach. You block the giant cockroach's attack.
You barely miss the giant cockroach. The giant cockroach bites you.
The giant cockroach bites you but does no damage.
You barely miss the giant cockroach. You block the giant cockroach's attack.
The giant cockroach barely misses you.
You slash the giant cockroach!
You kill the giant cockroach!
No target in view!
No target in view!
There is a staircase leading out of the dungeon here.
You have escaped!

###############
#.............#
#.............##
#..........@...# ##
#...#######..#.# #.
#...##...##..#.# #.
#...#.'##.#..#.####### #.
#...#.#⌠#.#..........# ##.
##..'.###.#..........# ##..
#..##...##..........####...
#..#######.................
#...................##.....


There were no monsters in sight!

Vanquished Creatures
  2 gnolls
  A dart slug (D:1)
  A bat (D:1)
  3 endoplasms (D:1)
  2 giant cockroaches (D:1)
  2 goblins (D:1)
  2 kobolds (D:1)
  A quokka (D:1)
  A ball python (D:1)
  2 rats (D:1)
17 creatures vanquished.

Notes
Turn   | Place    | Note
-------+----------+-------------------------------------------
     0 | D:1      | BritishOli the Demonspawn Fighter began the quest for the
                  | Orb.
     0 | D:1      | Reached XP level 1. HP: 18/18 MP: 1/1
    12 | D:1      | You fall into a shaft and drop 1 floor!
    59 | D:1      | Gained mutation: Your touch may inflict minor irresistible
                  | damage on your foes. [demonic ancestry]
    59 | D:1      | Reached XP level 2. HP: 4/24 MP: 2/2
   646 | D:2      | Gained mutation: You regenerate magic rapidly. [demonic
                  | ancestry]
   646 | D:2      | Reached XP level 3. HP: 25/30 MP: 3/3
   676 | D:$      | Got out of the dungeon alive.

Illustrated notes

Levels and vault maps discovered:
D:1:      minmay_arrival_stone_box, layout_rooms
D:2:      minmay_thinvault, layout_rooms, shapermc_ecumenical_altar_venn,
          uniq_robin, uniq_crazy_yiuf_cottage

Skill      XL: |  1  2 |
---------------+-------+-----
Armour         | 3 |  3.0
Fighting       | |  3.7
Long Blades    | |  1.9
Shields        | |  2.9

Action                     || total
---------------------------++-------
  Melee: Long sword        ||    53
 Armour: Scale mail        ||    53
  Dodge: Dodged            ||    33
  Block: Buckler           ||    16
